Map: New Gettysburg LE

Players

Nickos - Winner!

  • Race: Terran Terran
  • League: Gold

Gareth

  • Race: Zerg Zerg
  • League: Silver

VOD

Have the link to the VOD?

Description

Time

  • Played on: Sept. 16, 2016, 6:47 a.m.
  • Length: 13:30
Show
View Real Time Build Order
Export as new Build Order

Nickos Terran - Winner!

Build Orders: MMM Bio 

Get SALT Encoding   

  12  0:01  SCV  
  13  0:13  SCV  
  14  0:19  Supply Depot  
  14  0:25  SCV  
  15  0:40  SCV  
  15  0:41  Barracks  
  16  0:53  SCV  
  17  1:05  SCV  
  18  1:17  SCV  
  19  1:22  Command Center  
  19  1:32  Orbital Command  
  19  1:36  Marine  
  20  1:46  Supply Depot  
  20  1:54  Marine  
  21  2:17  Barracks, Marine  
  21  2:18  SCV  
  23  2:23  Barracks  
  23  2:28  Refinery  
  23  2:31  SCV  
  24  2:38  Bunker, Marine  
  24  2:42  Orbital Command  
  25  2:48  SCV  
  26  2:55  Refinery  
  26  2:56  Marine  
  27  3:05  SCV  
  28  3:22  SCV x2  
  28  3:23  Barracks Tech Lab  
  32  3:34  SCV  
  33  3:35  SCV  
  33  3:38  Barracks Reactor  
  33  3:39  Barracks Reactor  
  32  3:41  Supply Depot  
  32  3:46  Marine, SCV  
  34  3:55  SCV  
  35  3:57  Stimpack  
  35  3:58  SCV  
  36  4:04  Supply Depot  
  36  4:16  Bunker  
  36  4:17  SCV x2  
  36  4:20  Marine x2  
  36  4:21  Marine x3  
  43  4:26  Supply Depot  
  43  4:29  SCV  
  43  4:30  Barracks x2  
  43  4:31  SCV  
  45  4:32  Factory  
  44  4:38  Marine  
  44  4:39  Marine x2  
  44  4:40  Marine  
  44  4:41  SCV, Marauder  
  44  4:43  SCV  
  52  4:49  Supply Depot  
  52  4:53  Supply Depot, SCV  
  52  4:55  SCV  
  52  4:56  Marine  
  52  4:57  Marine x2  
  52  4:59  Marine  
  58  5:05  SCV  
  59  5:07  SCV  
  59  5:13  Marauder  
  62  5:19  Engineering Bay x2, Marine x2  
  62  5:20  Refinery  
  64  5:21  Barracks Reactor  
  64  5:23  Barracks Reactor  
  64  5:25  Factory Reactor  
  64  5:32  Starport  
  64  5:34  Supply Depot  
  64  5:37  Supply Depot  
  64  5:39  Marine  
  64  5:41  Marine  
  66  5:44  SCV  
  66  5:49  SCV  
  68  5:51  Terran Infantry Weapons Level 1  
  68  5:55  Terran Infantry Armor Level 1  
  68  5:56  Marine, SCV  
  70  6:05  Marine x4  
  70  6:06  Marine x2  
  70  6:07  Marine  
  77  6:13  SCV  
  77  6:14  SCV  
  77  6:15  Marine  
  77  6:18  Marauder  
  82  6:20  Medivac x2  
  82  6:25  Supply Depot  
  86  6:26  Supply Depot  
  86  6:27  Marine  
  86  6:29  Marine  
  86  6:32  SCV x2  
  90  6:47  Marine, Command Center, SCV x2  
  93  6:57  Supply Depot x2  
  93  6:59  Marine, SCV x2  
  96  7:05  Marine x4  
  96  7:06  Marine x2  
  102  7:12  SCV  
  102  7:13  SCV  
  104  7:18  Marine x3  
  107  7:23  Marine  
  107  7:24  SCV  
  107  7:25  SCV  
  110  7:30  Marine x3  
  110  7:31  Marine x2  
  110  7:35  Marine  
  110  7:36  Armory  
  110  7:37  SCV x2  
  117  7:38  Refinery  
  117  7:43  Supply Depot  
  118  7:49  Marine, SCV x2  
  118  7:50  Marine x4  
  124  7:53  Medivac  
  124  7:56  Combat Shields  
  126  7:58  Marine  
  126  8:00  Marine  
  126  8:01  SCV x2  
  130  8:08  Marine  
  130  8:09  Marine x2  
  130  8:10  Marine  
  89  8:34  Liberator  
  89  8:41  Marine x4  
  71  8:42  Marine x4  
  71  8:43  Marine  
  73  8:50  Medivac  
  78  8:59  Marine x5  
  78  9:01  Marauder  
  85  9:03  Liberator  
  82  9:17  Liberator, Marine x4  
  82  9:18  Marine x4  
  82  9:21  Terran Infantry Weapons Level 2  
  82  9:22  Marine  
  94  9:27  Terran Infantry Armor Level 2  
  94  9:33  Supply Depot  
  94  9:35  Marine x3  
  100  9:42  Marine  
  100  9:43  Marine x3  
  100  9:44  Marine  
  105  9:46  Liberator  
  105  9:51  Orbital Command  
  105  9:59  Marine x4  
  108  10:00  Marine  
  108  10:07  Marine x3  
  116  10:22  Marine x4  
  116  10:23  Marine x2  
  122  10:31  Marine  
  122  10:32  Marine x2  
  125  10:40  Marine  
  125  10:41  Marine  
  127  10:48  Marine x3  
  127  10:49  Marine x4  
  134  10:58  Marine  
  134  10:59  Marine  
  134  11:00  Medivac  
  138  11:04  Medivac  
  138  11:06  Marine x3  
  140  11:17  Marine x3  
  140  11:18  Marine  
  140  11:20  SCV x2  
  140  11:21  SCV  
  142  11:27  Marine x5  
  147  11:34  Liberator x2  
  147  11:35  Marine  
  148  11:40  Command Center  
  148  11:42  Marine  
  148  11:43  Marine x2  
  148  11:44  Marine  
  148  11:45  Marine x3  
  155  11:50  Marine  
  155  11:53  Marine  
  163  12:01  Marine x2  
  165  12:09  Supply Depot  
  165  12:10  Supply Depot  
  165  12:15  Marine x7  
  172  12:17  Liberator  
  172  12:19  Marine  
  173  12:26  Marine  
  149  12:32  Supply Depot x2  
  149  12:33  Marine x4  
  145  12:51  Marine  
  145  12:52  Marine x4  
  145  12:53  Marine  
  145  12:55  Supply Depot  
  145  12:56  Marine x2  
  145  12:57  Supply Depot, Marine  
  154  13:09  Marine x2  
  154  13:10  Marine x2  
  158  13:24  Barracks  
  158  13:25  Barracks x2  
Show
View Real Time Build Order
Export as new Build Order

Gareth Zerg 

Build Orders: Hatch First 

Get SALT Encoding   

  12  0:02  Drone  
  13  0:11  Drone  
  14  0:35  Hatchery  
  14  0:39  Drone  
  14  0:47  Extractor  
  14  0:49  Drone  
  14  1:04  Spawning Pool  
  13  1:06  Drone  
  14  1:19  Overlord  
  14  1:38  Drone  
  14  1:39  Drone x2  
  17  1:51  Metabolic Boost  
  17  1:54  Queen  
  17  1:59  Zergling x2  
  20  2:03  Drone  
  20  2:06  Drone  
  22  2:09  Drone  
  22  2:14  Zergling x2  
  24  2:18  Drone  
  26  2:22  Drone  
  26  2:25  Drone  
  27  2:49  Queen  
  27  2:50  Roach Warren  
  28  2:54  Overlord x2  
  27  3:13  Zergling x6  
  27  3:14  Zergling x8  
  27  3:16  Drone  
  35  3:28  Drone  
  35  3:29  Evolution Chamber  
  35  3:30  Extractor  
  35  3:32  Drone  
  35  3:33  Evolution Chamber  
  34  3:36  Drone  
  35  3:45  Overlord  
  35  3:49  Drone x2  
  37  4:02  Overlord  
  37  4:07  Drone x2  
  39  4:11  Drone x3  
  39  4:12  Drone  
  39  4:15  Overlord  
  43  4:26  Spore Crawler, Drone x2  
  44  4:41  Hatchery  
  44  4:45  Drone x3  
  46  4:48  Drone  
  47  4:53  Zerg Melee Weapons Level 1  
  47  4:58  Drone x2  
  49  5:07  Roach x3  
  55  5:09  Roach  
  55  5:12  Roach  
  59  5:16  Overlord  
  59  5:20  Overlord  
  59  5:28  Overlord x2  
  59  5:35  Drone x3  
  62  5:41  Extractor  
  61  5:44  Drone, Extractor  
  61  5:59  Roach x2  
  61  6:00  Roach x2  
  69  6:13  Drone x3  
  72  6:22  Roach x6  
  72  6:23  Roach x3  
  72  6:25  Ravager x2  
  92  6:26  Ravager x5  
  92  6:29  Zergling x2  
  98  6:34  Zerg Missile Weapons Level 1  
  98  6:41  Overlord x2  
  98  6:42  Overlord  
  98  6:48  Overlord x2  
  98  6:49  Overlord  
  98  6:55  Spore Crawler  
  98  6:57  Lair  
  98  6:58  Zergling x2  
  98  7:00  Zergling x2  
  99  7:02  Zergling x2  
  100  7:09  Roach  
  100  7:10  Roach x2  
  100  7:13  Roach  
  108  7:19  Drone  
  109  7:23  Ravager x4  
  109  7:25  Zergling x8  
  109  7:27  Zergling x2  
  109  7:29  Zergling x2  
  119  7:47  Roach  
  119  7:48  Roach x6  
  119  7:50  Zergling x2  
  133  7:53  Drone  
  133  7:54  Drone  
  130  8:33  Roach x8  
  130  8:34  Roach  
  97  8:58  Zergling x2  
  97  8:59  Zergling x10  
  103  9:04  Zerg Missile Weapons Level 2  
  103  9:05  Zerg Melee Weapons Level 2  
  103  9:11  Zergling x4  
  103  9:12  Zergling x2  
  103  9:14  Ravager x4  
  103  9:15  Ravager x3  
  97  9:22  Drone x2  
  97  9:23  Drone  
  100  9:24  Extractor  
  100  9:26  Extractor  
  98  9:31  Hydralisk Den  
  98  9:32  Zergling x6  
  98  9:35  Ravager x2  
  102  9:46  Drone x4  
  102  9:49  Zergling x2  
  102  9:50  Zergling x10  
  112  9:58  Roach  
  112  9:59  Roach  
  116  10:08  Zergling x6  
  116  10:11  Ravager x2  
  116  10:12  Ravager x3  
  124  10:14  Hydralisk  
  126  10:22  Hydralisk x2  
  126  10:23  Hydralisk  
  132  10:36  Hydralisk x3  
  132  10:41  Overlord x4  
  132  10:42  Overlord x2  
  129  10:51  Hatchery  
  125  11:02  Zergling x8  
  121  11:15  Hydralisk x6  
  133  11:24  Spire  
  132  11:28  Zergling x4  
  132  11:29  Zergling x2  
  135  11:36  Queen  
  137  11:42  Drone x3  
  140  11:53  Drone  
  141  11:56  Zergling x4  
  141  11:59  Ravager x4  
  147  12:07  Drone  
  148  12:11  Hydralisk  
  148  12:12  Hydralisk x2  
  148  12:13  Zergling x2  
  103  12:36  Hydralisk x5  
  85  12:38  Zergling x6  
  85  12:40  Zergling x2  
  85  12:42  Zergling x2  
  85  12:43  Zergling x2  
  81  12:52  Hydralisk x2  
  81  12:54  Zergling x2  
  86  13:13  Drone x3  
Tags
 
Composition
MMM Bio
Matchup
TvZ
Replay Pack
Nickos replay
Add a new tag
Caveats
  • Supply blocks, unpowered buildings, or Contaminate may cause inaccurate times.
  • Supply counts are checked every 10 seconds.